 Dungeon Crawl Stone Soup version 0.17.1-3-g152610e (webtiles) character file.

1421 kaze the Ducker (level 8, -4/79 HPs)
             Began as a Troll Berserker on Feb 22, 2016.
             Was a Priest of Trog.
             Slain by a giant frog (8 damage)
             ... on level 6 of the Dungeon.
             The game lasted 00:13:41 (3992 turns).

kaze the Ducker (Troll Berserker)                   Turns: 3992, Time: 00:13:41

Health: -4/79      AC:  0    Str: 26    XL:     8   Next: 44%
Magic:  7/7        EV: 16    Int:  3    God:    Trog [***...]
Gold:   192        SH:  0    Dex:  9    Spells: 0 memorised, 7 levels left

rFire  . . .     SeeInvis .       - Unarmed
rCold  . . .     Clarity  .     (armour currently unavailable)
rNeg   . . .     SustAt   .     (shield currently unavailable)
rPois  .         Gourm    +     (helmet currently unavailable)
rElec  .         Spirit   .     (cloak currently unavailable)
rCorr  .         Warding  .     (gloves unavailable)
rMut   .         Stasis   .     (boots unavailable)
MR     .....                    (no amulet)
Stlth  +.........               (ring currently unavailable)
                                (ring currently unavailable)

@: exhausted, pig-form (expiring), slowed, not resistant to hostile
enchantments, very unstealthy
A: unfitting armour, (claws 0), blurry vision 1, (fire resistance 0), fast
metabolism 3, gourmand, regeneration 2, (shaggy fur 0), (tough skin 0), weak 1
a: Berserk, Trog's Hand, Burn Spellbooks, Renounce Religion


You were on level 6 of the Dungeon.
You worshipped Trog.
Trog was most pleased with you.
You were very full.
You were a filthy swine.
You visited 1 branch of the dungeon, and saw 6 of its levels.

You collected 192 gold pieces.

Inventory:

Hand Weapons
 p - a +3 war axe (melded)
Armour
 a - a +0 animal skin (melded)
Scrolls
 c - 5 scrolls of remove curse {unknown}
 d - 3 scrolls of enchant weapon {unknown}
 e - 3 scrolls of magic mapping {unknown}
 f - 4 scrolls of amnesia {unknown}
 h - a scroll of fog {unknown}
 l - 2 scrolls of identify {unknown}
 m - 2 scrolls of teleportation {unknown}
 n - a scroll of immolation {unknown}
 r - a scroll of recharging {unknown}
 v - a scroll of random uselessness {unknown}
 w - a scroll of fear {unknown}
Potions
 g - 2 potions of magic {unknown}
 k - a potion of flight
 o - 4 potions of curing
 s - a potion of cure mutation {unknown}
 t - a potion of might
 x - a potion of berserk rage {unknown}
 z - a potion of degeneration {unknown}
 A - 2 potions of brilliance {unknown}
 B - a potion of resistance {unknown}
Comestibles
 b - 3 bread rations
 i - 2 meat rations
 j - a beef jerky
 q - a royal jelly
 u - 3 chunks of flesh


   Skills:
 + Level 4.8 Fighting
 + Level 4.6 Axes
   Level 0.3(3.1) Maces & Flails
 + Level 6.3 Dodging
 + Level 3.2 Unarmed Combat


You had 7 spell levels left.
You didn't know any spells.

Dungeon Overview and Level Annotations

Branches:
Dungeon (6/15)
 Temple: D:4-7

Altars:
Ashenzari
Dithmenos
Ru
Trog

Annotations:
D:6 Blork the orc


Innate Abilities, Weirdness & Mutations

You are too large for most types of armour.
((You have claws for hands.))
Your metabolism is lightning-fast.
You like to eat raw meat.
You heal very quickly.
((You are covered in fur (AC +1).))
((You have very tough skin (AC +2).))
Scrolls take you a little longer to read.
((Your flesh is heat resistant.))
You are weak. (Str -2)


Message History

* * * LOW HITPOINT WARNING * * *
You hit Blork the orc.
Blork the orc is lightly wounded.
Your transformation is almost over.
The centaur closely misses you. The giant frog misses you.
Blork the orc zaps a wand.
The centaur barely misses you. The giant frog hits you.
* * * LOW HITPOINT WARNING * * *
The giant frog barely misses you.
The centaur wields an uncursed shortbow.
The centaur shoots an arrow.
The arrow hits you!
* * * LOW HITPOINT WARNING * * *
The giant frog barely misses you.
Blork the orc mumbles some strange words.
Blork the orc seems to speed up.
The giant frog barely misses you.
You see here an arrow.
The centaur shoots an arrow.
The arrow barely misses you.
You see here an arrow.
The giant frog hits you!
You die...

.# ## #.# .< #.# #.
#.# #.. ##.##
#..####...# #
#..$...(#(##.#.##
#.#..(..Fh...)...#
#.....co.?.......
.........#######...#
####....$# ..
#######


You could see Blork the orc, a giant frog and a centaur.

Vanquished Creatures
  Pikel (D:5)
  Eustachio (D:5)
  Edmund (D:4)
  A phantom (D:4)
  A slave (D:5)
  3 orc priests (D:5)
  A gnoll shaman (D:5)
  2 jellies (D:5)
  An orc wizard (D:5)
  2 giant frog skeletons
  4 worker ants
  Robin (D:4)
  8 adders
  8 gnolls (D:5)
  3 worms (D:2)
  2 giant geckos (D:4)
  11 orcs
  6 hobgoblins
  A quokka (D:3)
  7 bats
  5 giant cockroaches
  2 giant newts
  12 goblins
  7 jackals
  3 kobolds (D:1)
  5 rats
  A rat zombie (D:4)
100 creatures vanquished.

Vanquished Creatures (others)
  A killer bee zombie (D:5)
1 creature vanquished.

Grand Total: 101 creatures vanquished

Notes
Turn   | Place    | Note
--------------------------------------------------------------
     0 | D:1      | kaze the Troll Berserker began the quest for the Orb.
     0 | D:1      | Reached XP level 1. HP: 22/22 MP: 0/0
   108 | D:1      | Reached XP level 2. HP: 29/29 MP: 1/1
   207 | D:1      | Gained mutation: You are weak. (Str -2) [potion of mutation]
   207 | D:1      | Gained mutation: Scrolls take you a little longer to read. [potion of mutation]
   207 | D:1      | Gained mutation: Your flesh is heat resistant. [potion of mutation]
   675 | D:2      | Reached XP level 3. HP: 32/36 MP: 2/2
   764 | D:2      | Reached ** piety under Trog
  1237 | D:2      | Reached XP level 4. HP: 44/44 MP: 3/3
  1297 | D:2      | Found a bloodstained altar of Trog.
  1705 | D:3      | Found a shattered altar of Ashenzari.
  2396 | D:4      | Reached skill level 1 in Axes
  2397 | D:4      | Reached XP level 5. HP: 48/53 MP: 4/4
  2398 | D:4      | Noticed Robin
  2401 | D:4      | Killed Robin
  2408 | D:4      | Reached *** piety under Trog
  2505 | D:4      | Noticed a phantom
  2551 | D:4      | Reached skill level 4 in Dodging
  2552 | D:4      | Found a sand-covered staircase.
  2555 | D:4      | Killed a phantom
  2555 | D:4      | Reached XP level 6. HP: 55/61 MP: 5/5
  2673 | D:4      | Noticed Edmund
  2680 | D:4      | Killed Edmund
  2830 | D:4      | Found a shadowy altar of Dithmenos.
  3061 | D:5      | Entered Level 5 of the Dungeon
  3073 | D:5      | Reached XP level 7. HP: 68/68 MP: 6/6
  3126 | D:5      | Reached skill level 5 in Dodging
  3563 | D:5      | Noticed Pikel
  3571 | D:5      | Killed Pikel
  3571 | D:5      | Reached skill level 6 in Dodging
  3571 | D:5      | Reached XP level 8. HP: 79/79 MP: 7/7
  3681 | D:5      | Noticed Eustachio
  3688 | D:5      | Found a sacrificial altar of Ru.
  3709 | D:5      | Killed Eustachio
  3975 | D:6      | Noticed Blork the orc
  3990 | D:6      | HP: 3/79 [centaur/arrow (8)]
  3992 | D:6      | Slain by a giant frog

Action                   |  1- 3 |  4- 6 |  7- 9 || total
-------------------------+-------+-------+-------++-------
Melee: Club              |   168 |       |       ||   168
       War axe           |     7 |    82 |    71 ||   160
       Unarmed           |       |       |     5 ||     5
Invok: Berserk           |       |     3 |     6 ||     9
  Use: Potion            |     5 |     2 |       ||     7
 Stab: Sleeping          |     1 |       |       ||     1
  Eat: Chunk             |    18 |    17 |    16 ||    51
